Bruins vs Predators

Created - March 15 2007 at 19:50

Goals
1 2 3 T
Bruins 0 0 1 1
Predators 1 4 1 6
Shots
1 2 3 T
Bruins 8 8 6 22
Predators 3 12 8 23

Period #1

1. Predators , Paul Kariya 32 (Brad Boyes, Jason Arnott) at 8:10

Penalities :
Paul Mara (BOS) for Charging (Minor) at 1:06, Paul Mara (BOS) for High sticking (Minor) at 12:50, Jason Arnott (NSH) for Cross-checking (Minor) at 13:33, Jason Ward (BOS) for Cross-checking (Minor) at 16:55, Rostislav Klesla (BOS) for Interference (Minor) at 19:23

Period #2

2. Predators , Todd Bertuzzi 15 (Ryan Suter, David Legwand) at 1:38
3. Predators , Ryan Suter 3 (Martin Erat, Todd Bertuzzi) at 2:20
4. Predators , Yanic Perreault 18 (Steve Sullivan, Nolan Yonkman) at 5:03
5. Predators , Todd Bertuzzi 16 (Ryan Suter, Martin Erat) at 8:55

Penalities :
Steve Ott (BOS) for Cross-checking (Minor) at 5:37, Todd Bertuzzi (NSH) for Kneeing (Major) at 14:55

Period #3

6. Predators , Brad Boyes 17 (Marek Zidlicky, Paul Kariya) at 8:22
7. Bruins , Glen Murray 18 (Mattias Norstrom, Rick Nash) at 10:48 (PP)

Penalities :
Mattias Norstrom (BOS) for Holding (Minor) at 1:16, Todd Bertuzzi (NSH) for Slashing (Minor) at 5:26, Kimmo Timonen (NSH) for Checking from behind (Major) at 8:55, Nolan Yonkman (NSH) for Fighting (Major) at 15:10, Steve Ott (BOS) for Fighting (Major) at 15:10

Goalie Stats

Tim Thomas (BOS), 4 saves from 8 shots - (0.500), L, 7-16-1, 25:03 minutes
Alexander Auld (BOS), 13 saves from 15 shots - (0.867), 34:57 minutes
Tomas Vokoun (NSH), 21 saves from 22 shots - (0.955), W, 24-11-3, 60:00 minutes

Players Stats

Bruins
Player Name              G  A  P  +/- PIM S  H  SB FO MP 
-----------------------------------------------------------
Brian Leetch             0  0  0   0  0   0  0  1  0  22 
Georges Laraque          0  0  0   0  0   0  0  0  1  7  
Glen Murray              1  0  1   0  0   1  0  0  1  20 
Jason Ward               0  0  0  -4  2   1  0  0  0  12 
Jay McKee                0  0  0  -2  0   1  1  0  0  22 
Marco Sturm              0  0  0  -2  0   1  0  0  1  18 
Mattias Norstrom         0  1  1  -4  2   0  1  2  0  19 
Mike Richards            0  0  0  -4  0   6  0  0  10 12 
P.J. Axelsson            0  0  0   0  0   1  0  0  0  6  
Patrice Bergeron         0  0  0  -2  0   5  0  0  20 23 
Paul Mara                0  0  0  -2  4   1  1  1  0  21 
Pavel Datsyuk            0  0  0   0  0   1  0  0  15 21 
Rick Nash                0  1  1   0  0   2  0  0  8  21 
Rostislav Klesla         0  0  0  -4  2   0  2  0  0  13 
Sean Avery               0  0  0   0  0   0  1  0  9  10 
Shean Donovan            0  0  0  -2  0   1  0  0  1  15 
Steve Ott                0  0  0  -4  7   1  0  0  1  14 
Zdeno Chara              0  0  0   0  0   0  1  1  0  24 
Predators
Player Name              G  A  P  +/- PIM S  H  SB FO MP 
-----------------------------------------------------------
Brad Boyes               1  1  2   2  0   4  0  0  1  17 
David Legwand            0  1  1   3  0   2  0  0  11 14 
Derek Morris             0  0  0   2  0   0  0  3  0  21 
Jason Arnott             0  1  1   2  2   5  0  0  14 20 
Jeff Carter              0  0  0   0  0   0  0  0  12 11 
Jordin Tootoo            0  0  0   0  0   0  0  0  0  0  
Kimmo Timonen            0  0  0   1  5   0  0  0  0  20 
Marek Zidlicky           0  1  1   2  0   0  0  0  0  21 
Martin Erat              0  2  2   3  0   0  1  0  1  13 
Nolan Yonkman            0  1  1   1  5   0  1  0  0  15 
Oleg Saprykin            0  0  0   0  0   0  0  0  0  0  
Paul Kariya              1  1  2   2  0   3  0  0  0  20 
Ryan Suter               1  2  3   3  0   1  0  0  0  23 
Scott Hartnell           0  0  0   1  0   2  1  0  8  23 
Steve Sullivan           0  1  1   1  0   1  1  1  2  22 
Todd Bertuzzi            2  1  3   3  7   3  0  0  3  19 
Yanic Perreault          1  0  1   1  0   2  0  0  15 15 
Zbynek Michalek          0  0  0   3  0   0  0  1  0  21 

3 Stars

1 - Todd Bertuzzi (NSH)
2 - Ryan Suter (NSH)
3 - Tomas Vokoun (NSH)

Power Play

Bruins - 1 on 4 Attempt(s) - 25.00%
Predators - 0 on 6 Attempt(s) - 0.00%

Penalty Kill

Bruins - 6 on 6 Attempt(s) - 100.00% - Score 0 goal in Penalty Kill
Predators - 3 on 4 Attempt(s) - 75.00% - Score 0 goal in Penalty Kill

Game Notes

Alexander Auld enters game at 5:03 of 2nd period
Nolan Yonkman and Steve Ott fight to a draw at 15:10 of 3rd period

Finance

Level 1 -- Attendance: 5786 (96.44%) -- Ticket Income $462,880.00
Level 2 -- Attendance: 3980 (99.49%) -- Ticket Income $206,960.00
Level 3 -- Attendance: 2094 (99.12%) -- Ticket Income $62,820.00
Level 4 -- Attendance: 3786 (94.65%) -- Ticket Income $75,720.00
Luxury Box -- Attendance: 1000 (100.00%) -- Ticket Income $135,000.00
Game was played at the Gaylord Entertainment Center
Total Attendance: 16646 (97.27%)
Total Ticket Income: $1,024,556.00
Other Income: $102,883.20
Total Income: $1,127,439.00


Play by Play

Period #1

0:01 of 1st period - Jason Arnott wins face-off versus Pavel Datsyuk in neutral zone.
0:38 of 1st period - Shot by Glen Murray.
0:38 of 1st period - Shot Blocked by Derek Morris.
0:39 of 1st period - Shot by Brian Leetch.
0:39 of 1st period - Shot Misses the Net.
0:40 of 1st period - Shot by Zdeno Chara.
0:40 of 1st period - Shot Blocked by Derek Morris.
1:06 of 1st period - Minor Penalty to Paul Mara for Charging.
1:07 of 1st period - Yanic Perreault wins face-off versus Rick Nash in Bruins zone.
3:35 of 1st period - Georges Laraque is hit by Scott Hartnell and loses puck.
3:42 of 1st period - Icing by Kimmo Timonen.
3:43 of 1st period - Scott Hartnell wins face-off versus Mike Richards in Predators zone.
3:59 of 1st period - Mike Richards is hit by Nolan Yonkman and loses puck.
4:28 of 1st period - Off-side.
4:29 of 1st period - Patrice Bergeron wins face-off versus Todd Bertuzzi in neutral zone.
4:32 of 1st period - Shot by Jay McKee.
4:32 of 1st period - Stopped by Tomas Vokoun without a rebound.
4:33 of 1st period - David Legwand wins face-off versus Patrice Bergeron in Predators zone.
4:35 of 1st period - Martin Erat is hit by Jay McKee and loses puck.
6:02 of 1st period - Icing by Ryan Suter.
6:03 of 1st period - Mike Richards wins face-off versus David Legwand in Predators zone.
6:49 of 1st period - Paul Kariya is hit by Rostislav Klesla and loses puck.
7:47 of 1st period - Shot by Patrice Bergeron.
7:47 of 1st period - Shot Misses the Net.
7:52 of 1st period - Shot by Patrice Bergeron.
7:52 of 1st period - Shot Misses the Net.
7:53 of 1st period - Shot by Paul Mara.
7:53 of 1st period - Stopped by Tomas Vokoun with a rebound.
8:10 of 1st period - Shot by Brad Boyes.
8:10 of 1st period - Goal by Paul Kariya - Bruins : 0 - Predators : 1.
8:11 of 1st period - Pavel Datsyuk wins face-off versus Brad Boyes in neutral zone.
9:56 of 1st period - Shot by Mike Richards.
9:56 of 1st period - Shot Misses the Net.
10:59 of 1st period - Shot by Jason Arnott.
10:59 of 1st period - Stopped by Tim Thomas without a rebound.
11:00 of 1st period - Patrice Bergeron wins face-off versus Jeff Carter in Bruins zone.
11:20 of 1st period - Off-side.
11:21 of 1st period - Mike Richards wins face-off versus Jason Arnott in neutral zone.
11:40 of 1st period - Shot by Mike Richards.
11:40 of 1st period - Stopped by Tomas Vokoun with a rebound.
11:43 of 1st period - Shot by Mike Richards.
11:43 of 1st period - Shot Misses the Net.
11:48 of 1st period - Shot by Mike Richards.
11:48 of 1st period - Shot Misses the Net.
11:49 of 1st period - Shot by Mattias Norstrom.
11:49 of 1st period - Shot Misses the Net.
11:54 of 1st period - Shot by Mike Richards.
11:54 of 1st period - Stopped by Tomas Vokoun without a rebound.
11:55 of 1st period - Yanic Perreault wins face-off versus Marco Sturm in Predators zone.
12:02 of 1st period - Shot by Patrice Bergeron.
12:02 of 1st period - Stopped by Tomas Vokoun without a rebound.
12:03 of 1st period - Sean Avery wins face-off versus David Legwand in Predators zone.
12:32 of 1st period - Shot by David Legwand.
12:32 of 1st period - Shot Misses the Net.
12:50 of 1st period - Minor Penalty to Paul Mara for High sticking.
12:51 of 1st period - Rick Nash wins face-off versus Yanic Perreault in Bruins zone.
13:33 of 1st period - Minor Penalty to Jason Arnott for Cross-checking.
13:34 of 1st period - Pavel Datsyuk wins face-off versus Martin Erat in Bruins zone.
13:38 of 1st period - Off-side.
13:39 of 1st period - Todd Bertuzzi wins face-off versus Rick Nash in neutral zone.
13:52 of 1st period - Shot by Todd Bertuzzi.
13:52 of 1st period - Shot Misses the Net.
14:28 of 1st period - Icing by Kimmo Timonen.
14:29 of 1st period - Pavel Datsyuk wins face-off versus David Legwand in Predators zone.
15:04 of 1st period - Shot by Pavel Datsyuk.
15:04 of 1st period - Shot Misses the Net.
15:07 of 1st period - Shot by Marco Sturm.
15:07 of 1st period - Stopped by Tomas Vokoun with a rebound.
15:12 of 1st period - Shot by Pavel Datsyuk.
15:12 of 1st period - Stopped by Tomas Vokoun without a rebound.
15:13 of 1st period - Jeff Carter wins face-off versus Patrice Bergeron in Predators zone.
15:19 of 1st period - Icing by Mattias Norstrom.
15:20 of 1st period - Jeff Carter wins face-off versus Shean Donovan in Bruins zone.
15:22 of 1st period - Brad Boyes is hit by Paul Mara and loses puck.
15:38 of 1st period - Shot by Mike Richards.
15:38 of 1st period - Shot Misses the Net.
15:39 of 1st period - Shot by Rostislav Klesla.
15:39 of 1st period - Shot Blocked by Zbynek Michalek.
15:40 of 1st period - Shot by Jason Ward.
15:40 of 1st period - Shot Misses the Net.
15:45 of 1st period - Shot by Mike Richards.
15:45 of 1st period - Stopped by Tomas Vokoun without a rebound.
15:46 of 1st period - Sean Avery wins face-off versus Jason Arnott in Predators zone.
16:33 of 1st period - Shot by Mike Richards.
16:33 of 1st period - Shot Misses the Net.
16:50 of 1st period - Shot by Yanic Perreault.
16:50 of 1st period - Stopped by Tim Thomas with a rebound.
16:53 of 1st period - Shot by Scott Hartnell.
16:53 of 1st period - Shot Blocked by Mattias Norstrom.
16:55 of 1st period - Minor Penalty to Jason Ward for Cross-checking.
16:56 of 1st period - Rick Nash wins face-off versus Yanic Perreault in Bruins zone.
17:59 of 1st period - Shot by Paul Kariya.
17:59 of 1st period - Shot Misses the Net.
18:38 of 1st period - Shot by Steve Sullivan.
18:38 of 1st period - Shot Misses the Net.
18:58 of 1st period - Icing by Marek Zidlicky.
18:59 of 1st period - David Legwand wins face-off versus Mike Richards in Predators zone.
19:23 of 1st period - Minor Penalty to Rostislav Klesla for Interference.
19:24 of 1st period - Rick Nash wins face-off versus Jason Arnott in Bruins zone.
19:56 of 1st period - Icing by Kimmo Timonen.
19:57 of 1st period - Patrice Bergeron wins face-off versus Jason Arnott in Predators zone.

Period #2

0:01 of 2nd period - Jason Arnott wins face-off versus Pavel Datsyuk in neutral zone.
0:14 of 2nd period - Shot by Paul Kariya.
0:14 of 2nd period - Shot Misses the Net.
0:43 of 2nd period - Shot by Todd Bertuzzi.
0:43 of 2nd period - Shot Blocked by Zdeno Chara.
0:44 of 2nd period - Shot by Marek Zidlicky.
0:44 of 2nd period - Shot Misses the Net.
1:35 of 2nd period - Shot by David Legwand.
1:35 of 2nd period - Stopped by Tim Thomas with a rebound.
1:38 of 2nd period - Shot by Todd Bertuzzi.
1:38 of 2nd period - Goal by Todd Bertuzzi - Bruins : 0 - Predators : 2.
1:39 of 2nd period - Jeff Carter wins face-off versus Georges Laraque in neutral zone.
2:02 of 2nd period - Shot by Paul Kariya.
2:02 of 2nd period - Shot Misses the Net.
2:03 of 2nd period - Shot by Derek Morris.
2:03 of 2nd period - Shot Misses the Net.
2:04 of 2nd period - Shot by Scott Hartnell.
2:04 of 2nd period - Stopped by Tim Thomas without a rebound.
2:05 of 2nd period - David Legwand wins face-off versus Steve Ott in Bruins zone.
2:14 of 2nd period - Shot by Todd Bertuzzi.
2:14 of 2nd period - Shot Misses the Net.
2:19 of 2nd period - Shot by Todd Bertuzzi.
2:19 of 2nd period - Shot Misses the Net.
2:20 of 2nd period - Shot by Ryan Suter.
2:20 of 2nd period - Goal by Ryan Suter - Bruins : 0 - Predators : 3.
2:21 of 2nd period - Yanic Perreault wins face-off versus Patrice Bergeron in neutral zone.
3:18 of 2nd period - Shot by Paul Kariya.
3:18 of 2nd period - Shot Misses the Net.
3:47 of 2nd period - Shot by Jason Ward.
3:47 of 2nd period - Shot Misses the Net.
3:48 of 2nd period - Shot by Rostislav Klesla.
3:48 of 2nd period - Shot Misses the Net.
3:49 of 2nd period - Shot by Mike Richards.
3:49 of 2nd period - Stopped by Tomas Vokoun with a rebound.
3:50 of 2nd period - Shot by Rostislav Klesla.
3:50 of 2nd period - Stopped by Tomas Vokoun without a rebound.
3:51 of 2nd period - David Legwand wins face-off versus Pavel Datsyuk in Predators zone.
4:58 of 2nd period - Shot by Marco Sturm.
4:58 of 2nd period - Shot Misses the Net.
5:03 of 2nd period - Shot by Yanic Perreault.
5:03 of 2nd period - Goal by Yanic Perreault - Bruins : 0 - Predators : 4.
5:03 of 2nd period - Alexander Auld enters game.
5:04 of 2nd period - Yanic Perreault wins face-off versus Mike Richards in neutral zone.
5:21 of 2nd period - Shot by Steve Sullivan.
5:21 of 2nd period - Shot Misses the Net.
5:37 of 2nd period - Minor Penalty to Steve Ott for Cross-checking.
5:38 of 2nd period - Jason Arnott wins face-off versus Rick Nash in Predators zone.
6:03 of 2nd period - Shot by Todd Bertuzzi.
6:03 of 2nd period - Shot Blocked by Paul Mara.
7:56 of 2nd period - Shot by David Legwand.
7:56 of 2nd period - Stopped by Alexander Auld without a rebound.
7:57 of 2nd period - Sean Avery wins face-off versus Yanic Perreault in Bruins zone.
8:05 of 2nd period - Yanic Perreault is hit by Sean Avery and loses puck.
8:55 of 2nd period - Shot by Todd Bertuzzi.
8:55 of 2nd period - Goal by Todd Bertuzzi - Bruins : 0 - Predators : 5.
8:56 of 2nd period - Jason Arnott wins face-off versus Patrice Bergeron in neutral zone.
9:02 of 2nd period - Icing by Shean Donovan.
9:03 of 2nd period - Jason Arnott wins face-off versus Patrice Bergeron in Bruins zone.
10:01 of 2nd period - Icing by Jason Ward.
10:02 of 2nd period - Todd Bertuzzi wins face-off versus Mike Richards in Bruins zone.
10:40 of 2nd period - Mike Richards is hit by Martin Erat and loses puck.
11:54 of 2nd period - Shot by Shean Donovan.
11:54 of 2nd period - Shot Misses the Net.
12:03 of 2nd period - Shot by Jason Arnott.
12:03 of 2nd period - Shot Misses the Net.
12:08 of 2nd period - Shot by Brad Boyes.
12:08 of 2nd period - Stopped by Alexander Auld without a rebound.
12:09 of 2nd period - Sean Avery wins face-off versus David Legwand in Bruins zone.
12:16 of 2nd period - Shot by P.J. Axelsson.
12:16 of 2nd period - Stopped by Tomas Vokoun without a rebound.
12:17 of 2nd period - Mike Richards wins face-off versus Jeff Carter in Predators zone.
12:29 of 2nd period - Paul Kariya is hit by Mattias Norstrom and loses puck.
14:15 of 2nd period - Shot by Patrice Bergeron.
14:15 of 2nd period - Stopped by Tomas Vokoun without a rebound.
14:16 of 2nd period - Mike Richards wins face-off versus Jason Arnott in Predators zone.
14:21 of 2nd period - Shot by Steve Ott.
14:21 of 2nd period - Stopped by Tomas Vokoun with a rebound.
14:26 of 2nd period - Shot by Brad Boyes.
14:26 of 2nd period - Stopped by Alexander Auld with a rebound.
14:29 of 2nd period - Shot by Brad Boyes.
14:29 of 2nd period - Shot Blocked by Mattias Norstrom.
14:34 of 2nd period - Shot by Jason Arnott.
14:34 of 2nd period - Stopped by Alexander Auld without a rebound.
14:35 of 2nd period - Yanic Perreault wins face-off versus Sean Avery in Bruins zone.
14:44 of 2nd period - Shot by Steve Sullivan.
14:44 of 2nd period - Stopped by Alexander Auld without a rebound.
14:45 of 2nd period - Pavel Datsyuk wins face-off versus David Legwand in Bruins zone.
14:55 of 2nd period - Major Penalty to Todd Bertuzzi for Kneeing.
14:56 of 2nd period - Patrice Bergeron wins face-off versus Jeff Carter in Predators zone.
16:11 of 2nd period - Shot by Jeff Carter.
16:11 of 2nd period - Stopped by Alexander Auld without a rebound.
16:12 of 2nd period - Patrice Bergeron wins face-off versus Jeff Carter in Bruins zone.
17:54 of 2nd period - Off-side.
17:55 of 2nd period - Sean Avery wins face-off versus Scott Hartnell in neutral zone.
18:48 of 2nd period - Shot by Patrice Bergeron.
18:48 of 2nd period - Shot Misses the Net.
18:51 of 2nd period - Shot by Patrice Bergeron.
18:51 of 2nd period - Stopped by Tomas Vokoun without a rebound.
18:52 of 2nd period - Scott Hartnell wins face-off versus Pavel Datsyuk in Predators zone.
19:39 of 2nd period - Shot by Marco Sturm.
19:39 of 2nd period - Stopped by Tomas Vokoun with a rebound.
19:40 of 2nd period - Shot by Paul Mara.
19:40 of 2nd period - Stopped by Tomas Vokoun without a rebound.
19:41 of 2nd period - Patrice Bergeron wins face-off versus Scott Hartnell in Predators zone.

Period #3

0:01 of 3rd period - Jason Arnott wins face-off versus Pavel Datsyuk in neutral zone.
0:14 of 3rd period - Shot by Paul Kariya.
0:14 of 3rd period - Stopped by Alexander Auld with a rebound.
0:17 of 3rd period - Shot by Brad Boyes.
0:17 of 3rd period - Shot Misses the Net.
0:20 of 3rd period - Shot by Jason Arnott.
0:20 of 3rd period - Shot Misses the Net.
0:25 of 3rd period - Shot by Jason Arnott.
0:25 of 3rd period - Stopped by Alexander Auld without a rebound.
0:26 of 3rd period - Patrice Bergeron wins face-off versus Yanic Perreault in Bruins zone.
1:16 of 3rd period - Minor Penalty to Mattias Norstrom for Holding.
1:17 of 3rd period - Jason Arnott wins face-off versus Pavel Datsyuk in Predators zone.
3:17 of 3rd period - Jason Arnott is hit by Rostislav Klesla and loses puck.
4:06 of 3rd period - Off-side.
4:07 of 3rd period - Yanic Perreault wins face-off versus Sean Avery in neutral zone.
4:12 of 3rd period - Shot by Steve Sullivan.
4:12 of 3rd period - Shot Misses the Net.
4:13 of 3rd period - Shot by Yanic Perreault.
4:13 of 3rd period - Shot Blocked by Brian Leetch.
4:16 of 3rd period - Shot by Scott Hartnell.
4:16 of 3rd period - Stopped by Alexander Auld without a rebound.
4:17 of 3rd period - Patrice Bergeron wins face-off versus Jeff Carter in Bruins zone.
4:44 of 3rd period - Shot by Marco Sturm.
4:44 of 3rd period - Shot Blocked by Derek Morris.
4:45 of 3rd period - Shot by Jay McKee.
4:45 of 3rd period - Shot Misses the Net.
4:48 of 3rd period - Shot by Patrice Bergeron.
4:48 of 3rd period - Shot Misses the Net.
5:26 of 3rd period - Minor Penalty to Todd Bertuzzi for Slashing.
5:27 of 3rd period - Steve Sullivan wins face-off versus Pavel Datsyuk in Predators zone.
8:22 of 3rd period - Shot by Brad Boyes.
8:22 of 3rd period - Goal by Brad Boyes - Bruins : 0 - Predators : 6.
8:23 of 3rd period - Sean Avery wins face-off versus Yanic Perreault in neutral zone.
8:41 of 3rd period - Icing by Steve Sullivan.
8:42 of 3rd period - Patrice Bergeron wins face-off versus Yanic Perreault in Predators zone.
8:44 of 3rd period - Marco Sturm is hit by Steve Sullivan and loses puck.
8:55 of 3rd period - Major Penalty to Kimmo Timonen for Checking from behind.
8:56 of 3rd period - Patrice Bergeron wins face-off versus Jeff Carter in Bruins zone.
9:15 of 3rd period - Shot by Marco Sturm.
9:15 of 3rd period - Shot Blocked by Steve Sullivan.
10:23 of 3rd period - Icing by Jay McKee.
10:24 of 3rd period - Patrice Bergeron wins face-off versus Jeff Carter in Bruins zone.
10:29 of 3rd period - Shot by Jason Arnott.
10:29 of 3rd period - Stopped by Alexander Auld without a rebound.
10:30 of 3rd period - Scott Hartnell wins face-off versus Pavel Datsyuk in Bruins zone.
10:45 of 3rd period - Shot by Rick Nash.
10:45 of 3rd period - Shot Misses the Net.
10:48 of 3rd period - Shot by Glen Murray.
10:48 of 3rd period - Goal by Glen Murray - Bruins : 1 - Predators : 6.
10:49 of 3rd period - Scott Hartnell wins face-off versus Patrice Bergeron in neutral zone.
10:51 of 3rd period - Off-side.
10:52 of 3rd period - Patrice Bergeron wins face-off versus Jeff Carter in neutral zone.
11:08 of 3rd period - Icing by Patrice Bergeron.
11:09 of 3rd period - Scott Hartnell wins face-off versus Patrice Bergeron in Bruins zone.
13:06 of 3rd period - Shot by Pavel Datsyuk.
13:06 of 3rd period - Stopped by Tomas Vokoun without a rebound.
13:07 of 3rd period - Sean Avery wins face-off versus Scott Hartnell in Predators zone.
13:33 of 3rd period - Off-side.
13:34 of 3rd period - Jeff Carter wins face-off versus Patrice Bergeron in neutral zone.
14:07 of 3rd period - Shot by Mike Richards.
14:07 of 3rd period - Stopped by Tomas Vokoun without a rebound.
14:08 of 3rd period - Mike Richards wins face-off versus David Legwand in Predators zone.
14:13 of 3rd period - Shot by Jason Ward.
14:13 of 3rd period - Stopped by Tomas Vokoun without a rebound.
14:14 of 3rd period - Glen Murray wins face-off versus Yanic Perreault in Predators zone.
14:15 of 3rd period - Shot by Rick Nash.
14:15 of 3rd period - Stopped by Tomas Vokoun without a rebound.
14:16 of 3rd period - Mike Richards wins face-off versus Yanic Perreault in Predators zone.
14:28 of 3rd period - Icing by Steve Sullivan.
14:29 of 3rd period - Yanic Perreault wins face-off versus Pavel Datsyuk in Predators zone.
14:39 of 3rd period - Yanic Perreault is hit by Zdeno Chara and loses puck.
15:10 of 3rd period - Nolan Yonkman and Steve Ott fight to a draw.
15:10 of 3rd period - Penalty to Nolan Yonkman for Fighting.
15:10 of 3rd period - Penalty to Steve Ott for Fighting.
15:11 of 3rd period - Jason Arnott wins face-off versus Rick Nash in neutral zone.
15:38 of 3rd period - Shot by Jason Arnott.
15:38 of 3rd period - Stopped by Alexander Auld without a rebound.
15:39 of 3rd period - Pavel Datsyuk wins face-off versus David Legwand in Bruins zone.
17:02 of 3rd period - Shot by Jason Arnott.
17:02 of 3rd period - Stopped by Alexander Auld without a rebound.
17:03 of 3rd period - Pavel Datsyuk wins face-off versus Jason Arnott in Bruins zone.
18:08 of 3rd period - Shot by Rick Nash.
18:08 of 3rd period - Stopped by Tomas Vokoun with a rebound.
18:41 of 3rd period - Shot by Todd Bertuzzi.
18:41 of 3rd period - Stopped by Alexander Auld without a rebound.
18:42 of 3rd period - Steve Sullivan wins face-off versus Rick Nash in Bruins zone.
18:55 of 3rd period - Shot by Steve Sullivan.
18:55 of 3rd period - Shot Misses the Net.


Output by the SimonT Hockey Simulator (STHS) for Stephane Roy -- Original Page W3C XHTML 1.0 Valid